 Dungeon Crawl Stone Soup version 0.31-a0-165-g3f4f80340b (webtiles) character file.

Game seed: 11424074436579773236

6235 qw the Skirmisher (level 10, -11/96 HPs)
             Began as a Naga Hunter on June 13, 2023.
             Was a Priest of Okawaru.
             Killed from afar by a fire dragon (51 damage)
             ... with a blast of flame
             ... on level 1 of the Lair of Beasts.
             The game lasted 00:03:14 (7788 turns).

qw the Skirmisher (Naga Hunter)                     Turns: 7788, Time: 00:03:15

Health: -11/96     AC: 19    Str: 11    XL:     10   Next: 93%
Magic:  13/13      EV: 17    Int:  8    God:    Okawaru [***...]
Gold:   492        SH:  0    Dex: 33    Spells: 9/9 levels left

rFire   . . .        Y - +0 orcbow
rCold   . . .        (shield currently unavailable)
rNeg    + . .        k - +0 acid dragon scales
rPois   +            c - +2 hat
rElec   .            (no cloak)
rCorr   +            i - +2 pair of gloves
SInv    +            r - +0 barding
Will    +....        q - amulet of regeneration
Stlth   ++++         h - +6 ring of dexterity
HPRegen 1.16/turn    o - ring of positive energy
MPRegen 0.13/turn

%: no passive effects
@: heroic, very slow
A: AC +3, large, see invisible, deformed body, poison resistance, slowness 2,
spit poison 1, naga tail 1, agile 2
a: Spit Poison, Renounce Religion, Heroism


You were on level 1 of the Lair of Beasts.
You worshipped Okawaru.
Okawaru was most pleased with you.
You visited 3 branches of the dungeon, and saw 10 of its levels.
You also visited: Ossuary.

You collected 492 gold pieces.


Innate Abilities, Weirdness & Mutations

Your serpentine skin is tough. (AC +3)
You have supernaturally acute eyesight. (SInv)
Armour fits poorly on your strangely shaped body.
Your system is resistant to poisons. (rPois)
You cover ground very slowly.
You can spit poison.
You have a snake-like lower body.
You are very agile. (Dex +8, Str/Int -2)


   Skills:
 - Level 8.1(13.1) Fighting
 + Level 11.2(16.2) Ranged Weapons
 - Level 3.0(8.0) Armour
 - Level 5.1(10.1) Dodging
 - Level 1.5(6.5) Stealth
 - Level 4.2 Invocations


You had 9 spell levels left.
You didn't know any spells.
Your spell library was empty.

Inventory:

Hand Weapons
 Y - a +0 orcbow (weapon)
Armour
 c - a +2 hat (worn)
 i - a +2 pair of gloves (worn)
 k - +0 acid dragon scales (worn)
 m - a +2 cloak
 r - a +0 barding (worn)
Jewellery
 h - a +6 ring of dexterity (left hand)
 o - a ring of positive energy (right hand)
 q - an amulet of regeneration (around neck)
Scrolls
 e - 10 scrolls of identify
 l - 3 scrolls of teleportation
Potions
 a - 2 potions of resistance
 b - 2 potions of cancellation
 d - 2 potions of might
 f - 6 potions of curing
 g - a potion of mutation
 n - 3 potions of magic
 p - a potion of ambrosia {unknown}

Dungeon Overview and Level Annotations

Branches:
Dungeon (8/15)             Temple (1/1) D:4            Lair (1/5) D:8
Ossuary (visited)

Altars:
Ashenzari
Cheibriados
Dithmenos
Elyvilon
Fedhas
Gozag
Hepliaklqana
Kikubaaqudgha
Makhleb
Nemelex Xobeh
Okawaru
Qazlal
Ru
Sif Muna
Trog
Uskayaw
Vehumet
Wu Jian
Yredelemnul
Zin
The Shining One

Annotations:
D:2 1 runed translucent door, Crazy Yiuf


Message History

The wolf howls!
You shoot an arrow. The arrow hits the wolf!
The wolf is severely wounded.
7773 ||| READING 4 scrolls of teleportation.
As you read the scroll of teleportation, it crumbles to dust.
You feel strangely unstable. The wolf misses you.
You shoot an arrow. The arrow misses the wolf.
The wolf barely misses you.
You shoot an arrow. The arrow hits the wolf.
The wolf is severely wounded.
You have got your breath back.
The wolf misses you.
7776 ||| INVOKING Spit Poison.
Aiming: Spit Poison (1% risk of failure)
Press: ? - help, Shift-Dir - straight line, f/p - wolf The splash of poison misses the wolf.
The wolf misses you. The wolf barely misses you.
You shoot an arrow. The arrow hits the wolf!
You kill the wolf!
Okawaru accepts your kill.
Your surroundings suddenly seem different.
You start resting.
You have got your breath back.
A fire dragon is nearby!
You shoot an arrow. The fire dragon roars deafeningly!
The arrow hits the fire dragon but does no damage.
The fire dragon is heavily wounded.
You shoot an arrow.
The arrow hits the fire dragon but does no damage.
The fire dragon is heavily wounded.
You shoot an arrow. The arrow hits the fire dragon!
The fire dragon is severely wounded.
You shoot an arrow.
The arrow barely misses the fire dragon.
The fire dragon breathes flames at you. The blast of flame hits you!!!
Ouch! That really hurt!
You die...

#.......#
#..#
#.......#
##.#
........#
#.#
........#
#.##
........#
#..#
........#
##..##
##......#
##....##
.#......#
#......#
........#
#..@...##
.#......#
##.......#
.#......#
#........#
........#
#......~~#
##......#
#.....~~~~#
.......#
#~..~D~~~~#
.......#
#~~~~~~.~~#
.......#
~~~~~~~...##
###
~~~~~~~...#


You could see a fire dragon (catching breath).

Vanquished Creatures
  A cane toad (Lair:1)
  Maggie (D:6)
  A blink frog (Lair:1)
  A hornet (D:8)
  Sigmund (D:2)
  4 yaks (D:6)
  Menkaure (D:7)
  4 water moccasins
  An orc warrior (D:7)
  An ice beast (D:5)
  3 sky beasts
  A black bear (D:4)
  6 centaurs
  An ogre (D:5)
  4 wolves (Lair:1)
  A kobold brigand (D:6)
  5 bullfrogs
  3 gnoll sergeants
  A scorpion (D:5)
  3 water moccasin zombies (Ossuary)
  4 wights (D:8)
  10 killer bees
  2 howler monkeys (D:5)
  4 jellies
  4 orc priests
  3 hounds
  A sleepcap (D:7)
  Terence (D:3)
  4 iguanas
  8 orc wizards
  2 mummies (Ossuary)
  7 adders
  11 gnolls
  4 shadow imps
  A white imp (D:8)
  2 ufetubi
  11 adder zombies (Ossuary)
  2 worms
  2 dart slugs
  29 orcs
  4 endoplasms
  A giant cockroach (D:3)
  2 gnoll zombies (Ossuary)
  6 goblins
  5 hobgoblins
  5 jackals
  12 kobolds
  A quokka (D:3)
  2 ball pythons (D:3)
  2 bats (D:2)
  6 frilled lizards
  7 hobgoblin zombies (Ossuary)
  5 kobold zombies (Ossuary)
  4 orc zombies (Ossuary)
218 creatures vanquished.

Notes
Turn   | Place    | Note
-------+----------+-------------------------------------------
     0 | D:1      | qw the Naga Hunter began the quest for the Orb.
     0 | D:1      | Reached XP level 1. HP: 19/19 MP: 1/1
     0 | D:1      | 0 ||| qw: Version: 0.2-a-29-gc1b59c4
     0 | D:1      | 0 ||| qw: Game counter: 4679
     0 | D:1      | 0 ||| qw: Always use a shield: true
     0 | D:1      | 0 ||| qw: God list: Okawaru
     0 | D:1      | 0 ||| qw: Allow faded altars: false
     0 | D:1      | 0 ||| qw: Do Orc after D:15 true
     0 | D:1      | 0 ||| qw: Do second Lair branch before Depths: true
     0 | D:1      | 0 ||| qw: Lair rune preference: random
     0 | D:1      | 0 ||| qw: Plans: Normal
     0 | D:1      | 0 ||| PLANNING D:1-11
    34 | D:1      | 34 ||| INVOKING Spit Poison.
    38 | D:1      | 38 ||| INVOKING Spit Poison.
    95 | D:1      | 95 ||| INVOKING Spit Poison.
   101 | D:1      | 101 ||| INVOKING Spit Poison.
   104 | D:1      | Reached skill level 4 in Ranged Weapons
   104 | D:1      | Reached XP level 2. HP: 17/26 MP: 2/2
   142 | D:1      | 142 ||| INVOKING Spit Poison.
   319 | D:1      | 319 ||| INVOKING Spit Poison.
   356 | D:1      | 356 ||| INVOKING Spit Poison.
   391 | D:1      | 391 ||| INVOKING Spit Poison.
   394 | D:1      | 394 ||| INVOKING Spit Poison.
   452 | D:1      | 452 ||| INVOKING Spit Poison.
   453 | D:1      | 453 ||| INVOKING Spit Poison.
   456 | D:1      | Found a faded altar of an unknown god.
   513 | D:1      | 513 ||| INVOKING Spit Poison.
   595 | D:1      | 595 ||| UPGRADING to +6 ring of dexterity.
   596 | D:1      | 596 ||| DROPPING ring of wizardry.
   597 | D:1      | 597 ||| READING scroll labelled RUSSAA TIGHIE.
   598 | D:1      | 598 ||| READING scroll labelled SUEFOL XULED.
   599 | D:1      | 599 ||| READING 2 scrolls labelled UWENGO LUWOY.
   600 | D:1      | 600 ||| READING 3 scrolls labelled RIFYENK NI PEA.
   605 | D:1      | 605 ||| READING scroll labelled QEOLEV NINE.
   606 | D:1      | 606 ||| READING scroll labelled KOEJOS BASS.
   607 | D:1      | 607 ||| DRINKING 2 coppery potions.
   608 | D:1      | 608 ||| DRINKING 2 smoky golden potions.
   608 | D:1      | Gained mutation: You are agile. (Dex +4, Str/Int -1)
                  | [potion of mutation]
   608 | D:1      | Gained mutation: You are very agile. (Dex +8, Str/Int -2)
                  | [potion of mutation]
   609 | D:1      | 609 ||| DROPPING scroll of butterflies.
   610 | D:1      | 610 ||| DROPPING scroll of revelation.
   642 | D:2      | 642 ||| INVOKING Spit Poison.
   736 | D:2      | Noticed Sigmund
   740 | D:2      | 740 ||| INVOKING Spit Poison.
   743 | D:2      | Killed Sigmund
   744 | D:2      | Reached XP level 3. HP: 28/32 MP: 3/3
   744 | D:2      | Reached XP level 4. HP: 35/39 MP: 4/4
   744 | D:2      | Reached XP level 5. HP: 40/45 MP: 5/5
   897 | D:2      | Found a runed translucent door.
   898 | D:2      | Noticed Crazy Yiuf
   932 | D:2      | 932 ||| INVOKING Spit Poison.
   935 | D:2      | 935 ||| INVOKING Spit Poison.
  1080 | D:2      | 1080 ||| INVOKING Spit Poison.
  1104 | D:2      | 1104 ||| INVOKING Spit Poison.
  1110 | D:2      | 1110 ||| INVOKING Spit Poison.
  1124 | D:2      | 1124 ||| INVOKING Spit Poison.
  1127 | D:2      | 1127 ||| INVOKING Spit Poison.
  1130 | D:2      | 1130 ||| INVOKING Spit Poison.
  1151 | D:2      | 1151 ||| INVOKING Spit Poison.
  1171 | D:2      | 1171 ||| INVOKING Spit Poison.
  1313 | D:2      | 1313 ||| READING 3 scrolls labelled LANNUKL GOSI.
  1314 | D:2      | 1314 ||| READING scroll labelled JITAQA UCKACE.
  1315 | D:2      | 1315 ||| READING scroll labelled KUPHUOFROI.
  1316 | D:2      | 1316 ||| DRINKING 2 bubbling inky potions.
  1360 | D:2      | 1360 ||| DROPPING 2 scrolls of vulnerability.
  1361 | D:2      | 1361 ||| DROPPING potion of lignification.
  1395 | D:3      | 1395 ||| INVOKING Spit Poison.
  1456 | D:3      | 1456 ||| INVOKING Spit Poison.
  1460 | D:3      | 1460 ||| INVOKING Spit Poison.
  1465 | D:3      | 1465 ||| INVOKING Spit Poison.
  1495 | D:3      | Noticed Terence
  1496 | D:3      | 1496 ||| INVOKING Spit Poison.
  1500 | D:3      | 1500 ||| INVOKING Spit Poison.
  1504 | D:3      | Killed Terence
  1505 | D:3      | Reached XP level 6. HP: 43/52 MP: 6/6
  1547 | D:3      | 1547 ||| INVOKING Spit Poison.
  1787 | D:3      | 1787 ||| INVOKING Spit Poison.
  1809 | D:3      | 1809 ||| INVOKING Spit Poison.
  2026 | D:3      | 2026 ||| INVOKING Spit Poison.
  2126 | D:3      | 2126 ||| INVOKING Spit Poison.
  2146 | D:3      | 2146 ||| UPGRADING to +0 pair of gloves.
  2151 | D:3      | 2151 ||| READING scroll of enchant armour.
  2151 | D:3      | 2151 ||| ENCHANTING +0 pair of gloves.
  2152 | D:3      | 2152 ||| DROPPING amulet of magic regeneration.
  2153 | D:3      | 2153 ||| READING scroll labelled DUCICISYOV.
  2154 | D:3      | 2154 ||| DRINKING 3 blue potions.
  2197 | D:4      | Reached skill level 5 in Ranged Weapons
  2263 | D:4      | 2263 ||| INVOKING Spit Poison.
  2323 | D:4      | Found a staircase to the Ecumenical Temple.
  2324 | D:4      | 2324 ||| PLANNING TEMPLE
  2324 | D:4      | 2324 ||| READING scroll labelled BOCEKO OCLIUN.
  2335 | Temple   | Entered the Ecumenical Temple
  2336 | Temple   | 2336 ||| PLANNING OKAWARU WORSHIP
  2539 | Temple   | Became a worshipper of Warmaster Okawaru
  2539 | Temple   | 2539 ||| PLANNING D:1-11
  2601 | D:4      | 2601 ||| INVOKING Spit Poison.
  2606 | D:4      | 2606 ||| INVOKING Spit Poison.
  2639 | D:4      | 2639 ||| INVOKING Spit Poison.
  2654 | D:4      | 2654 ||| INVOKING Spit Poison.
  2658 | D:4      | 2658 ||| INVOKING Spit Poison.
  2663 | D:4      | 2663 ||| INVOKING Spit Poison.
  2667 | D:4      | Reached skill level 3 in Fighting
  2820 | D:4      | 2820 ||| INVOKING Spit Poison.
  2901 | D:4      | 2901 ||| INVOKING Spit Poison.
  2904 | D:4      | 2904 ||| INVOKING Spit Poison.
  3049 | D:4      | Noticed a black bear
  3051 | D:4      | 3051 ||| INVOKING Spit Poison.
  3055 | D:4      | Killed a black bear
  3056 | D:4      | Reached XP level 7. HP: 62/62 MP: 7/7
  3203 | D:5      | Entered Level 5 of the Dungeon
  3282 | D:5      | 3282 ||| INVOKING Spit Poison.
  3287 | D:5      | 3287 ||| INVOKING Spit Poison.
  3288 | D:5      | Reached skill level 6 in Ranged Weapons
  3334 | D:5      | 3334 ||| INVOKING Spit Poison.
  3364 | D:5      | HP: 14/62 [centaur/arrow (9)]
  3365 | D:5      | 3365 ||| READING 6 scrolls of teleportation.
  3366 | D:5      | HP: 2/62 [centaur/arrow (8)]
  3367 | D:5      | Reached * piety under Okawaru
  3642 | D:5      | Found a stormy altar of Qazlal.
  3658 | D:5      | 3658 ||| SWAPPING to +0 orcbow.
  3665 | D:5      | Reached skill level 1 in Invocations
  3688 | D:5      | 3688 ||| DROPPING +1 shortbow.
  3732 | D:5      | 3732 ||| INVOKING Spit Poison.
  3735 | D:5      | 3735 ||| INVOKING Spit Poison.
  3751 | D:5      | 3751 ||| INVOKING Heroism.
  3752 | D:5      | 3752 ||| INVOKING Spit Poison.
  3757 | D:5      | Reached XP level 8. HP: 72/72 MP: 6/9
  3762 | D:5      | 3762 ||| INVOKING Spit Poison.
  3773 | D:5      | 3773 ||| INVOKING Heroism.
  3774 | D:5      | 3774 ||| INVOKING Spit Poison.
  3777 | D:5      | Reached skill level 3 in Invocations
  3859 | D:5      | 3859 ||| INVOKING Spit Poison.
  3862 | D:5      | 3862 ||| INVOKING Spit Poison.
  4046 | D:5      | 4046 ||| INVOKING Heroism.
  4047 | D:5      | 4047 ||| INVOKING Spit Poison.
  4154 | D:5      | 4154 ||| INVOKING Spit Poison.
  4160 | D:5      | 4160 ||| INVOKING Spit Poison.
  4166 | D:5      | 4166 ||| INVOKING Spit Poison.
  4497 | D:5      | 4497 ||| UPGRADING to +0 helmet.
  4502 | D:5      | 4502 ||| UPGRADING to ring of positive energy.
  4503 | D:5      | 4503 ||| READING 4 scrolls of identify.
  4503 | D:5      | 4503 ||| IDENTIFYING dark potion
  4504 | D:5      | 4504 ||| READING 3 scrolls of identify.
  4504 | D:5      | 4504 ||| IDENTIFYING silvery potion
  4505 | D:5      | 4505 ||| READING 2 scrolls of identify.
  4505 | D:5      | 4505 ||| IDENTIFYING fizzy orange potion
  4530 | D:6      | 4530 ||| READING scroll of enchant armour.
  4530 | D:6      | 4530 ||| ENCHANTING +1 pair of gloves.
  4617 | D:6      | 4617 ||| INVOKING Spit Poison.
  4620 | D:6      | 4620 ||| INVOKING Spit Poison.
  4621 | D:6      | Reached skill level 7 in Ranged Weapons
  4717 | D:6      | 4717 ||| INVOKING Spit Poison.
  4719 | D:6      | 4719 ||| INVOKING Heroism.
  4722 | D:6      | 4722 ||| INVOKING Spit Poison.
  4724 | D:6      | Reached skill level 1 in Armour
  4833 | D:6      | 4833 ||| INVOKING Heroism.
  4835 | D:6      | 4835 ||| Stepping ~*~*~tactically~*~*~ (outnumbered).
  4839 | D:6      | 4839 ||| INVOKING Spit Poison.
  4847 | D:6      | 4847 ||| INVOKING Spit Poison.
  4902 | D:6      | 4902 ||| INVOKING Spit Poison.
  4910 | D:6      | 4910 ||| INVOKING Spit Poison.
  4925 | D:6      | 4925 ||| INVOKING Spit Poison.
  4933 | D:6      | 4933 ||| INVOKING Spit Poison.
  4950 | D:6      | 4950 ||| INVOKING Spit Poison.
  4988 | D:6      | Noticed a yak
  4988 | D:6      | Noticed a yak
  4989 | D:6      | Noticed a yak
  4990 | D:6      | 4990 ||| INVOKING Spit Poison.
  4993 | D:6      | Killed a yak
  4994 | D:6      | Reached skill level 8 in Ranged Weapons
  4994 | D:6      | Noticed a yak
  4995 | D:6      | 4995 ||| INVOKING Spit Poison.
  4998 | D:6      | 4998 ||| INVOKING Spit Poison.
  4998 | D:6      | Killed a yak
  4999 | D:6      | Reached XP level 9. HP: 66/80 MP: 12/12
  5002 | D:6      | 5002 ||| INVOKING Heroism.
  5003 | D:6      | 5003 ||| INVOKING Spit Poison.
  5009 | D:6      | 5009 ||| INVOKING Spit Poison.
  5096 | D:6      | 5096 ||| INVOKING Spit Poison.
  5109 | D:6      | 5109 ||| INVOKING Heroism.
  5144 | D:6      | 5144 ||| INVOKING Spit Poison.
  5185 | D:6      | 5185 ||| INVOKING Spit Poison.
  5187 | D:6      | 5187 ||| Stepping ~*~*~tactically~*~*~ (outnumbered).
  5189 | D:6      | 5189 ||| Stepping ~*~*~tactically~*~*~ (outnumbered).
  5193 | D:6      | 5193 ||| Stepping ~*~*~tactically~*~*~ (outnumbered).
  5194 | D:6      | 5194 ||| INVOKING Spit Poison.
  5201 | D:6      | 5201 ||| INVOKING Spit Poison.
  5205 | D:6      | 5205 ||| INVOKING Spit Poison.
  5214 | D:6      | 5214 ||| INVOKING Spit Poison.
  5262 | D:6      | 5262 ||| Stepping ~*~*~tactically~*~*~ (outnumbered).
  5264 | D:6      | 5264 ||| Stepping ~*~*~tactically~*~*~ (outnumbered).
  5266 | D:6      | 5266 ||| Stepping ~*~*~tactically~*~*~ (outnumbered).
  5268 | D:6      | 5268 ||| Stepping ~*~*~tactically~*~*~ (outnumbered).
  5269 | D:6      | 5269 ||| INVOKING Spit Poison.
  5314 | D:6      | 5314 ||| INVOKING Spit Poison.
  5406 | D:6      | Found a glowing golden altar of the Shining One.
  5478 | D:6      | 5478 ||| UPGRADING to +0 barding.
  5483 | D:6      | 5483 ||| UPGRADING to amulet of regeneration.
  5488 | D:6      | 5488 ||| READING 4 scrolls of identify.
  5488 | D:6      | 5488 ||| IDENTIFYING amethyst potion
  5489 | D:6      | 5489 ||| READING 3 scrolls of identify.
  5489 | D:6      | 5489 ||| IDENTIFYING fizzy coppery potion
  5490 | D:6      | 5490 ||| DROPPING potion of enlightenment.
  5491 | D:6      | 5491 ||| DROPPING potion of invisibility.
  5538 | D:7      | Noticed Maggie
  5541 | D:7      | 5541 ||| INVOKING Spit Poison.
  5543 | D:7      | 5543 ||| STAIRDANCE
  5563 | D:7      | 5563 ||| INVOKING Spit Poison.
  5567 | D:7      | 5567 ||| STAIRDANCE
  5570 | D:6      | 5570 ||| INVOKING Heroism.
  5571 | D:6      | 5571 ||| INVOKING Spit Poison.
  5573 | D:6      | Killed Maggie
  5599 | D:6      | 5599 ||| UPGRADING to +0 acid dragon scales.
  5609 | D:6      | 5609 ||| DROPPING +0 leather armour.
  5654 | D:7      | 5654 ||| INVOKING Spit Poison.
  5657 | D:7      | Reached ** piety under Okawaru
  5658 | D:7      | Reached skill level 9 in Ranged Weapons
  5676 | D:7      | Reached skill level 3 in Armour
  5686 | D:7      | 5686 ||| INVOKING Spit Poison.
  5692 | D:7      | 5692 ||| INVOKING Spit Poison.
  5711 | D:7      | Reached skill level 6 in Fighting
  5737 | D:7      | 5737 ||| INVOKING Spit Poison.
  5742 | D:7      | 5742 ||| INVOKING Spit Poison.
  5747 | D:7      | 5747 ||| INVOKING Spit Poison.
  5750 | D:7      | 5750 ||| INVOKING Heroism.
  5752 | D:7      | 5752 ||| INVOKING Spit Poison.
  5806 | D:7      | Noticed Menkaure
  5807 | D:7      | 5807 ||| INVOKING Heroism.
  5812 | D:7      | 5812 ||| INVOKING Spit Poison.
  5813 | D:7      | Killed Menkaure
  5919 | D:7      | 5919 ||| INVOKING Spit Poison.
  5934 | D:7      | Reached XP level 10. HP: 91/91 MP: 13/13
  5936 | D:7      | 5936 ||| INVOKING Spit Poison.
  5938 | D:7      | Reached skill level 10 in Ranged Weapons
  5974 | D:7      | 5974 ||| INVOKING Spit Poison.
  6020 | D:7      | 6020 ||| INVOKING Spit Poison.
  6075 | D:7      | Found a shimmering blue altar of Sif Muna.
  6097 | D:7      | 6097 ||| INVOKING Spit Poison.
  6295 | D:7      | 6295 ||| INVOKING Spit Poison.
  6428 | D:7      | 6428 ||| INVOKING Spit Poison.
  6432 | D:7      | 6432 ||| INVOKING Heroism.
  6433 | D:7      | 6433 ||| INVOKING Spit Poison.
  6461 | D:7      | 6461 ||| DRINKING 2 red potions.
  6462 | D:7      | 6462 ||| DROPPING potion of brilliance.
  6514 | D:8      | 6514 ||| PLANNING OSSUARY
  6624 | D:8      | 6624 ||| INVOKING Spit Poison.
  6627 | D:8      | Paralysed by a hornet for 1 turns
  6670 | D:8      | Found a sand-covered staircase.
  6671 | D:8      | 6671 ||| READING scroll labelled ZIFORAI NEODY.
  6677 | Ossuary  | Entered an ossuary
  6829 | Ossuary  | 6829 ||| READING scroll labelled XOADGH LUDOAGI.
  6830 | Ossuary  | 6830 ||| DRINKING 4 yellow potions.
  6831 | Ossuary  | 6831 ||| READING 9 scrolls of identify.
  6831 | Ossuary  | 6831 ||| IDENTIFYING lumpy cyan potion
  6832 | Ossuary  | 6832 ||| DROPPING potion of degeneration.
  6839 | D:8      | 6839 ||| PLANNING D:1-11
  6848 | D:8      | Found a staircase to the Lair.
  6852 | D:8      | 6852 ||| INVOKING Spit Poison.
  6855 | D:8      | 6855 ||| INVOKING Spit Poison.
  6892 | D:8      | 6892 ||| INVOKING Spit Poison.
  6895 | D:8      | 6895 ||| INVOKING Spit Poison.
  6898 | D:8      | 6898 ||| INVOKING Spit Poison.
  6922 | D:8      | 6922 ||| INVOKING Spit Poison.
  6928 | D:8      | 6928 ||| INVOKING Spit Poison.
  6932 | D:8      | 6932 ||| INVOKING Spit Poison.
  6955 | D:8      | 6955 ||| INVOKING Spit Poison.
  6960 | D:8      | 6960 ||| INVOKING Spit Poison.
  6966 | D:8      | 6966 ||| INVOKING Spit Poison.
  6981 | D:8      | 6981 ||| INVOKING Spit Poison.
  7048 | D:8      | 7048 ||| INVOKING Spit Poison.
  7055 | D:8      | 7055 ||| INVOKING Spit Poison.
  7125 | D:8      | 7125 ||| INVOKING Spit Poison.
  7127 | D:8      | Reached *** piety under Okawaru
  7242 | D:8      | 7242 ||| INVOKING Spit Poison.
  7243 | D:8      | 7243 ||| Stepping ~*~*~tactically~*~*~ (outnumbered).
  7246 | D:8      | 7246 ||| INVOKING Spit Poison.
  7253 | D:8      | 7253 ||| INVOKING Spit Poison.
  7307 | D:8      | 7307 ||| INVOKING Spit Poison.
  7428 | D:8      | Found a white marble altar of Elyvilon.
  7498 | D:8      | 7498 ||| PLANNING LAIR
  7498 | D:8      | 7498 ||| UPGRADING to +2 hat.
  7508 | D:8      | 7508 ||| DROPPING +0 helmet.
  7533 | Lair:1   | Entered Level 1 of the Lair of Beasts
  7607 | Lair:1   | Reached skill level 11 in Ranged Weapons
  7616 | Lair:1   | Noticed a cane toad
  7617 | Lair:1   | 7617 ||| INVOKING Heroism.
  7622 | Lair:1   | 7622 ||| INVOKING Spit Poison.
  7629 | Lair:1   | Killed a cane toad
  7632 | Lair:1   | 7632 ||| INVOKING Spit Poison.
  7640 | Lair:1   | 7640 ||| INVOKING Spit Poison.
  7700 | Lair:1   | Noticed a fire dragon
  7701 | Lair:1   | 7701 ||| INVOKING Heroism.
  7721 | Lair:1   | HP: 10/96 [fire dragon/blast of flame (21)]
  7722 | Lair:1   | 7722 ||| READING 7 scrolls of teleportation.
  7723 | Lair:1   | 7723 ||| DRINKING 2 potions of heal wounds.
  7724 | Lair:1   | 7724 ||| DRINKING potion of heal wounds.
  7725 | Lair:1   | 7725 ||| INVOKING Spit Poison.
  7730 | Lair:1   | HP: 20/96 [blink frog (8)]
  7731 | Lair:1   | 7731 ||| READING 6 scrolls of teleportation.
  7733 | Lair:1   | 7733 ||| INVOKING Spit Poison.
  7735 | Lair:1   | 7735 ||| INVOKING Heroism.
  7743 | Lair:1   | 7743 ||| INVOKING Spit Poison.
  7748 | Lair:1   | 7748 ||| INVOKING Spit Poison.
  7753 | Lair:1   | HP: 20/96 [wolf (8)]
  7754 | Lair:1   | 7754 ||| READING 5 scrolls of teleportation.
  7756 | Lair:1   | 7756 ||| INVOKING Spit Poison.
  7756 | Lair:1   | HP: 8/96 [wolf (6)]
  7770 | Lair:1   | 7770 ||| INVOKING Heroism.
  7771 | Lair:1   | 7771 ||| INVOKING Spit Poison.
  7773 | Lair:1   | 7773 ||| READING 4 scrolls of teleportation.
  7776 | Lair:1   | 7776 ||| INVOKING Spit Poison.
  7788 | Lair:1   | Killed from afar by a fire dragon

Levels and vault maps discovered:
D:1:      eino_arrival_water_cross, layout_loops_ring,
          ebering_ecumenical_altar_abandoned
D:2:      layout_loops_ring, uniq_crazy_yiuf_cottage, uniq_sigmund
D:3:      layout_basic, feat_on_display, uniq_terence
D:4:      layout_basic, minmay_temple_entry_glassed_door, minmay_diced_spiral
D:5:      layout_loops_corners, mainiacjoe_overflow_cross_hatched
D:6:      layout_loops_ring, tso_oasis_becter, grunt_decor_arrowhead
D:7:      layout_cave_pods, mainiacjoe_overflow_brackets, uniq_maggie,
          uniq_menkaure
D:8:      layout_loops_ring, kennysheep_mini_moat, lair_entry_dummy,
          enter_ossuary_2, serial_park_tiny_pond
Temple:   minmay_crystal_spiral_temple
Lair:1:   dragon1_lemuel, layout_regular_city, grunt_megastairs_3, uniq_erica

Skill      XL: |  1  2  3  4  5  6  7  8  9 10 |
---------------+-------------------------------+-----
Ranged Weapons | 4 5 6 8 9 11 | 11.2
Dodging        | 4 5 |  5.1
Fighting       | 3 4 6 8 |  8.1
Invocations    | 2 4 |  4.2
Armour         | 1 3 |  3.0
Stealth        | |  1.5

Action                     |  1- 3 |  4- 6 |  7- 9 | 10-12 || total
---------------------------+-------+-------+-------+-------++-------
   Fire: Shortbow          |    36 |    90 |    20 |       ||   146
         Orcbow            |       |       |   172 |   260 ||   432
 Invoke: Heroism           |       |       |    10 |     5 ||    15
Ability: Spit Poison       |    13 |    32 |    51 |    37 ||   133
    Use: Scroll            |     6 |     6 |     7 |     7 ||    26
         Potion            |     2 |     2 |       |     4 ||     8
 Armour: Leather armour    |     2 |     8 |    19 |       ||    29
         Acid dragon scale |       |       |    41 |    60 ||   101
  Dodge: Dodged            |     8 |    26 |   118 |   130 ||   282

Table legend:
 A = Non-vault XP
 B = Vault XP
 C = Vault XP percentage of total XP
 D = Non-vault monster count
 E = Vault monster count
 F = Vault count percentage of total count
                 A         B        C        D         E       F
            +---------+---------+-------+---------+---------+-------
      Total |    7650 |    1258 |  14.1 |     176 |      42 |  19.3
            +---------+---------+-------+---------+---------+-------
        D:1 |      18 |       0 |   0.0 |      11 |       0 |   0.0
        D:2 |      41 |     231 |  84.9 |      14 |       1 |   6.7
        D:3 |      58 |      38 |  39.6 |      18 |       1 |   5.3
        D:4 |     258 |      54 |  17.3 |      13 |       4 |  23.5
        D:5 |     803 |       0 |   0.0 |      16 |       0 |   0.0
        D:6 |    1685 |     404 |  19.3 |      35 |       1 |   2.8
        D:7 |    1572 |     183 |  10.4 |      32 |       1 |   3.0
        D:8 |    1599 |       0 |   0.0 |      27 |       0 |   0.0
     Lair:1 |    1616 |       0 |   0.0 |      10 |       0 |   0.0
    Ossuary |       0 |     348 | 100.0 |       0 |      34 | 100.0
            +---------+---------+-------+---------+---------+-------
